 Seeded DCSS version 0.28-a0-1567-g1695149f81 (webtiles) character file.

Game seed: 1293 (custom seed)

22 knot the Chopper (level 2, 0/36 HPs)
             Began as a Demonspawn Berserker on Jan 20, 2022.
             Was a Follower of Trog.
             Succumbed to a gnoll's poison
             ... on level 1 of the Dungeon.
             The game lasted 00:00:31 (245 turns).

knot the Chopper (Demonspawn Berserker)              Turns: 245, Time: 00:00:31

Health: 0/36       AC:  2    Str: 17    XL:     2   Next: 68%
Magic:  2/2        EV: 12    Int:  8    God:    Trog [*.....]
Gold:   29         SH:  0    Dex: 12    Spells: 1/1 levels left

rFire   . . .      SeeInvis .   a - +0 hand axe
rCold   . . .      Faith    .   (no shield)
rNeg    . . .      Spirit   .   b - +0 animal skin
rPois   .          Reflect  .   (no helmet)
rElec   .          Harm     .   (no cloak)
rCorr   .          Rampage  .   (no gloves)
Will    .....                   (no boots)
Stlth   ..........              (no amulet)
HPRegen 0.12/turn               (no ring)
MPRegen 0.08/turn               (no ring)

@: berserking, lethally poisoned (0 -> -10), very quick
A: demonic guardian 1
a: Renounce Religion, Berserk


You were on level 1 of the Dungeon.
You worshipped Trog.
Trog was aware of your devotion.
You visited 1 branch of the dungeon, and saw 1 of its levels.

You collected 29 gold pieces.

Inventory:

Hand Weapons
 a - a +0 hand axe (weapon)
Missiles
 e - 3 poisoned darts (quivered)
 g - 20 stones
Armour
 b - a +0 animal skin (worn)
Jewellery
 f - a ring of ice
Scrolls
 c - 2 scrolls of teleportation {unknown}
 d - a scroll of identify {unknown}


   Skills:
 - Level 3.0 Fighting
 + Level 3.6 Axes
 - Level 1.7 Armour
 - Level 1.7 Dodging


You had one spell level left.
You didn't know any spells.
Your spell library was empty.

Dungeon Overview and Level Annotations

Branches:
Dungeon (1/15)

Altars:


Innate Abilities, Weirdness & Mutations

A weak demonic guardian rushes to your aid.


Message History

No target in view!
g - 20 stones
Found a stone staircase leading down.
Key pressed, stopping explore.
No target in view!
A gnoll comes into view. It is wielding a +0 spear of venom.
The gnoll shouts!
The gnoll barely misses you.
The gnoll hits you with a +0 spear of venom.
You are poisoned.
A gnoll is nearby!
You hit the gnoll but do no damage.
You feel sick.
The gnoll hits you with a +0 spear of venom!
A demonic guardian appears!
You are lethally poisoned!
You are too injured to fight recklessly!
There is a lethal amount of poison in your body!
You are too injured to fight recklessly!
Unknown command.
A red film seems to cover your vision as you go berserk!
You feel yourself moving faster!
You feel mighty!
You feel very sick. The gnoll misses you.
You slash the gnoll!
The gnoll is heavily wounded.
* * * LOW HITPOINT WARNING * * *
You feel very sick.
The gnoll hits you with a +0 spear of venom.
* * * LOW HITPOINT WARNING * * *
A demonic guardian appears!
You slash the gnoll!
You kill the gnoll!
Trog accepts your kill.
* * * LOW HITPOINT WARNING * * *
You feel sick.
* * * LOW HITPOINT WARNING * * *
You feel sick.
You see here a +0 spear of venom.
You feel a strong urge to attack something.
You die...

#.....# #####.#
#.#
################.#
.................#
##.###..##########
#..# #..##########
#.55)@.......
##.########## #.#
#:# ..# #.# ###


You could see 2 friendly shadow imps.

Vanquished Creatures
  A gnoll (D:1)
  A dart slug (D:1)
  3 bats (D:1)
  An endoplasm (D:1)
  A goblin (D:1)
  A frilled lizard (D:1)
  2 kobolds (D:1)
  A rat (D:1)
11 creatures vanquished.

Notes
Turn   | Place    | Note
-------+----------+-------------------------------------------
     0 | D:1      | knot the Demonspawn Berserker began the quest for the Orb.
     0 | D:1      | Reached XP level 1. HP: 18/18 MP: 1/1
    54 | D:1      | Gained mutation: A weak demonic guardian rushes to your
                  | aid. [demonic ancestry]
    54 | D:1      | Reached XP level 2. HP: 19/24 MP: 2/2
   244 | D:1      | HP: 1/36 [poisoned by a gnoll]
   245 | D:1      | Succumbed to a gnoll's poison

Illustrated notes

Levels and vault maps discovered:
D:1:      dpeg_arrival_simpleton_c, layout_basic

Skill      XL: |  1 |
---------------+----+-----
Axes           | 3 |  3.6
Fighting       | |  3.0
Armour         | |  1.7
Dodging        | |  1.7

Action                   || total
-------------------------++-------
Melee: Hand axe          ||    31
Invok: Berserk           ||     1
Armor: Animal skin       ||    18
Dodge: Dodged            ||    22

Table legend: (Time is in decaauts)
 A = Elapsed time spent in this place.
 B = Non-inter-level travel time spent in this place.
 C = Inter-level travel time spent in this place.
 D = Time resting spent in this place.
 E = Time spent auto-exploring this place.
 F = Levels seen in this place.
 G = Mean time per level.
                   A        B        C        D        E       F      G
               +--------+--------+--------+--------+--------+-----+--------+
         Total |    249 |    249 |      0 |      0 |    179 |   1 |  249.0 |
       Dungeon |    249 |    249 |      0 |      0 |    179 |   1 |  249.0 |
               +--------+--------+--------+--------+--------+-----+--------+

Top non-repeatable levels by time:
     D:1: 249 daAuts
